 Dungeon Crawl Stone Soup version 0.19.5 (webtiles) character file.

474308 Peloso the Minotaur Barricade (level 23, -2/227 HPs)
             Began as a Minotaur Fighter on Mar 3, 2017.
             Was the Champion of Okawaru.
             Killed from afar by an ancient lich (10 damage)
             ... with a bolt of acid
             ... on level 5 of the Vaults.
             The game lasted 03:12:02 (50288 turns).

Peloso the Minotaur Barricade (Minotaur Fighter)   Turns: 50288, Time: 03:12:03

Health: -2/227     AC: 41    Str: 35    XL:     23   Next: 59%
Magic:  23/23      EV:  2    Int:  5    God:    Okawaru [******]
Gold:   2701       SH:  0    Dex: 14    Spells: 0 memorised, 23 levels left

rFire  + . .     SeeInvis .     p - +8 demon blade "Sufura Umeyd" {flame, Str+3}
rCold  + + .     Gourm    .     c - +8 gold dragon scales
rNeg   + + +     Faith    .     D - +1 shield {AC+3}
rPois  ∞         Spirit   .     (helmet unavailable)
rElec  +         Reflect  +     a - +2 cloak {MR+}
rCorr  .         Harm     .     N - +3 pair of gauntlets of War {Slay+5}
MR     ++...                    (no boots)
Stlth  ..........               j - amulet "Tirhoen" {Reflect rC+ SH+6}
                                Y - ring "Vewayn" {*Slow +Fly rElec Str+7}
                                L - ring of poison resistance

@: petrified, slowed, drained
A: retaliatory headbutt, horns 3, mutation resistance 1, weak 1
a: Heroism, Finesse, Renounce Religion, Evoke Flight
}: 2/15 runes: decaying, serpentine


You were on level 5 of the Vaults.
You worshipped Okawaru.
Okawaru was exalted by your worship.
You were not hungry.

You visited 8 branches of the dungeon, and saw 40 of its levels.
You also visited: Ossuary and Wizlab.

You collected 4405 gold pieces.
You spent 1704 gold pieces at shops.

Inventory:

Hand Weapons
 p - the +8 demon blade "Sufura Umeyd" (weapon) {flame, Str+3}
   (Okawaru gifted it to you on level 2 of the Lair of Beasts)

   It has been specially enchanted to burn those struck by it, causing extra
   injury to most foes and up to half again as much damage against particularly
   susceptible opponents.
   Big, fiery blades are also staple armaments of hydra-hunters.
   It affects your strength (+3).
Armour
 a - a +2 cloak of magic resistance (worn)
 c - +8 gold dragon scales (worn)
 f - the +7 chain mail "Soihi" {Dex+7}
   (You took it off a deep elf high priest on level 3 of the Elven Halls)

   It affects your dexterity (+7).
 k - +0 shadow dragon scales
 t - a +2 hat of see invisible
 C - a +0 pair of boots of flying
 D - a +1 shield of protection (worn)
 N - the +3 pair of gauntlets of War (worn) {Slay+5}
   (Okawaru gifted it to you on level 3 of the Vaults)

   It affects your accuracy and damage with ranged weapons and melee attacks
   (+5).
Jewellery
 j - the amulet "Tirhoen" (around neck) {Reflect rC+ SH+6}
   (You bought it in a shop on level 1 of the Snake Pit)

   [amulet of reflection]

   It shields you and reflects attacks.
   It protects you from cold.
   It affects your SH (+6).
 s - the ring of Gukh {MR+ SInv}
   (You found it on level 1 of the Lair of Beasts)

   [ring of protection from magic]

   It affects your resistance to hostile enchantments.
   It lets you see invisible.
 L - a ring of poison resistance (left hand)
 Y - the ring "Vewayn" (right hand) {*Slow +Fly rElec Str+7}
   (You found it on level 4 of the Lair of Beasts)

   [ring of flight]

   It affects your strength (+7).
   It insulates you from electricity.
   It lets you fly.
   It may slow you when you take damage.
Wands
 u - a wand of disintegration (10/24)
 E - a wand of digging (20/24)
 V - a wand of hasting (4/9)
Scrolls
 b - 5 scrolls of identify
 e - 2 scrolls of magic mapping
 g - 12 scrolls of recharging
 l - 18 scrolls of remove curse
 n - 8 scrolls of teleportation
 r - 4 scrolls of blinking
 F - 6 scrolls of fear
 T - a scroll of summoning
Potions
 d - 5 potions of might
 o - 12 potions of curing
 z - 7 potions of haste
 A - 4 potions of berserk rage
 B - 4 potions of resistance
 G - 2 potions of heal wounds
 J - 2 potions of flight
 O - 7 potions of agility
 P - a potion of invisibility
Comestibles
 x - 12 beef jerkies
 Q - 32 fruits
 S - 3 slices of pizza


   Skills:
 + Level 23.3(22.6) Fighting
 + Level 22.4(21.8) Long Blades
 + Level 1.1(0.7) Throwing
 + Level 18.7(18.1) Armour
 + Level 8.8(8.4) Dodging
 + Level 3.4(3.0) Stealth
 O Level 27(26.3) Shields
 + Level 1.2(0.8) Unarmed Combat
 + Level 0.6(0.2) Spellcasting
 + Level 2.5(2.1) Invocations
 + Level 2.5(2.1) Evocations


You had 23 spell levels left.
You didn't know any spells.

Dungeon Overview and Level Annotations

Branches:
Dungeon (15/15)            Temple (1/1) D:4            Lair (6/6) D:11
  Swamp (4/4) Lair:2        Snake (4/4) Lair:3        Slime (0/5) Lair:5
    Orc (2/2) D:9             Elf (3/3) Orc:2        Vaults (5/5) D:14
  Crypt (0/3) Vaults:2     Depths (0/5) D:15

Altars:
Ashenzari
Dithmenos
Elyvilon
Fedhas
Gozag
Hepliaklqana
Kikubaaqudgha
Makhleb
Nemelex Xobeh
Okawaru
Qazlal
Ru
Sif Muna
Trog
Uskayaw
Vehumet
Yredelemnul
Zin
The Shining One
Beogh
Jiyva

Shops:
D:4 (   D:14 ?   D:15 (   Orc:2 *(?:   Elf:1 (   Elf:2 (   Elf:3 *
Snake:1 ==}   Snake:4 [=(=   Vaults:2 *   Vaults:3 ?*=


Innate Abilities, Weirdness & Mutations

You reflexively headbutt those who attack you in melee.
You have a pair of large horns on your head.
You are somewhat resistant to further mutation.
You are weak. (Str -2)


Message History

The yaktaur shoots a bolt.
The bolt hits you!
* * * LOW HITPOINT WARNING * * *
The shadow dragon bites you!
* * * LOW HITPOINT WARNING * * *
The shadow dragon claws you but does no damage. x2
The stone giant throws a large rock.
The large rock hits you!!
* * * LOW HITPOINT WARNING * * *
The deep elf annihilator casts a spell.
The deep elf annihilator blinks!
The ancient lich touches you but does no damage.
The deep elf annihilator seems less brilliant.
The ancient lich seems less brilliant.
The deep elf annihilator is empowered by the deep elf high priest's aura!
The ancient lich is empowered by the deep elf high priest's aura!
The deep elf high priest hits you but does no damage.
The shadow dragon bites you but does no damage.
The shadow dragon claws you but does no damage. x2
The ancient lich casts a spell at you. The bolt of acid hits you!
You die...

#..#....#
#..#....#.###
####..#....#c.}
....((#....#c###.
..(..(?..(......
#####.([([...#####
.......(.)........
........D<(......(
.......eL@<(......
........e<[[....(.
#####.....?..#####
#(........)...
#..#....#(..#.
..###....#(C..( ..
#...(#...#.# .#
#....#.(....
#....# .#.


You could see a shadow dragon, an ancient lich, a stone giant, a deep elf
annihilator, a deep elf high priest and 2 yaktaurs.

Vanquished Creatures
  Bai Suzhen (Snake:4)
  Saint Roka (Elf:2)
  Xtahua (Vaults:4)
  A golden dragon (Vaults:4)
  Nikola (Swamp:3)
  Rupert (Lair:4)
  2 tentacled monstrosities
  2 titans (Vaults:4)
  Asterion (Snake:4)
  A quicksilver dragon (Vaults:4)
  2 deep elf blademasters
  A deep elf master archer (Elf:3)
  2 liches (Vaults:4)
  A sphinx (Vaults:1)
  Kirke (Snake:2)
  Gastronok (D:8)
  Roxanne (Swamp:3)
  A storm dragon (Vaults:5)
  2 shadow dragons
  Agnes (Snake:1)
  2 thorn hunters (Swamp:4)
  10 nagarajas
  A tengu reaver (Vaults:5)
  Donald (Elf:3)
  4 fire giants
  The ghost of humperndinck the Devastator, an adept TeAE of Sif Muna (Snake:3)
  3 frost giants
  An orc warlord (Vaults:4)
  Aizul (Snake:4)
  Louise (Snake:4)
  6 deep elf sorcerers
  14 vault wardens
  3 deep elf elementalists (Elf:3)
  The ghost of Just00me the Executioner, a journeyman MiBe of Trog (Swamp:2)
  10 ironheart preservers
  9 stone giants
  A very ugly thing (Vaults:2)
  3 entropy weavers
  2 ghouls
  6 deep elf demonologists
  Azrael (Snake:2)
  13 deep elf annihilators
  A dire elephant (D:15)
  An orange crystal statue (WizLab)
  A crystal guardian (Vaults:4)
  3 ettins
  Snorg (D:11)
  3 deep elf death magi (Elf:3)
  45 slime creatures
  10 yaktaur captains
  8 ogre magi
  Josephine (Snake:1)
  3 great orbs of eyes
  5 fire dragons
  7 deep elf high priests
  5 centaur warriors
  3 ice dragons
  32 vault guards
  19 naga warriors
  A catoblepas (Lair:6)
  24 hydras
  5 death knights
  25 dancing weapons
  10 anacondas
  A deep troll shaman (Lair:6)
  7 death yaks
  5 alligators
  5 tengu warriors
  13 deep elf knights
  13 naga sharpshooters
  13 shock serpents
  3 shadow wraiths
  7 skeletal warriors
  4 salamander mystics
  A flayed ghost (Vaults:4)
  The ghost of BugsBunnySan the Gouger, a novice FeBe of Trog (D:13)
  4 unseen horrors
  6 hill giants
  13 naga ritualists
  8 swamp dragons
  5 wizards
  3 shambling mangroves
  4 lindwurms (Lair:4)
  19 deep elf archers
  17 orc knights
  2 phantasmal warriors
  A harpy (Vaults:4)
  14 ironbrand convokers
  3 wolf spiders
  6 necromancers
  3 wolf spider zombies (D:15)
  65 deep elf magi
  9 ugly things
  4 orc sorcerers
  2 manticores
  12 salamanders
  16 mana vipers
  A frost giant skeleton (Vaults:1)
  3 cyclopes
  16 elephants
  16 naga magi
  Psyche (D:11)
  A black mamba (shapeshifter) (Vaults:4)
  12 vault sentinels
  43 black mambas
  11 guardian serpents
  A storm dragon simulacrum (Vaults:1)
  2 kobold demonologists (D:11)
  10 spiny frogs
  A small abomination (Elf:3)
  45 yaktaurs
  6 rime drakes
  A redback zombie (D:15)
  7 freezing wraiths
  A guardian mummy (D:15)
  2 komodo dragons (shapeshifter)
  5 komodo dragons
  A tengu conjurer (D:15)
  4 red devils (D:15)
  2 human skeletons (Vaults:2)
  2 yaktaur skeletons (Vaults:1)
  2 jumping spiders
  3 polar bears
  A jumping spider (shapeshifter) (D:14)
  9 meliai
  6 trolls
  A merfolk (D:10)
  A queen bee (D:13)
  8 tyrant leeches
  23 blink frogs
  19 hornets
  9 two-headed ogres
  8 bog bodies
  18 dream sheep (Lair:6)
  18 hippogriffs
  6 redbacks
  9 spriggans
  2 tarantellas (Vaults:4)
  An ettin skeleton (Vaults:1)
  8 wraiths
  2 air elementals (Elf:2)
  A vampire (D:12)
  A shadow (D:14)
  31 yaks
  A tarantella (shapeshifter) (Vaults:4)
  A yak (shapeshifter) (D:13)
  13 wyverns
  A hungry ghost (D:12)
  6 basilisks
  A fire bat (shapeshifter) (Vaults:1)
  3 fire elementals
  7 water elementals
  4 hogs (Snake:2)
  A human (shapeshifter) (Vaults:2)
  27 vampire mosquitoes
  A steam dragon (D:11)
  2 mottled dragons
  A yaktaur simulacrum (Vaults:2)
  29 insubstantial wisps
  A mottled dragon (shapeshifter) (Vaults:4)
  12 wargs
  An ogre zombie (Vaults:1)
  22 swamp worms
  11 water moccasins
  A soldier ant (shapeshifter) (Vaults:1)
  66 nagas
  13 swamp drakes
  6 porcupines
  3 hell hounds
  A floating eye (shapeshifter) (Vaults:5)
  2 eyes of draining
  A sky beast (D:13)
  6 ice beasts
  53 orc warriors
  5 black bears
  An ogre (shapeshifter) (Vaults:2)
  26 wolves
  2 phantoms
  A fire dragon simulacrum (Vaults:1)
  A necrophage (D:11)
  10 boggarts (Vaults:1)
  37 ogres
  21 centaurs
  12 crocodiles
  3 big kobolds
  17 bullfrogs
  A gnoll sergeant (D:11)
  A glowing shapeshifter simulacrum (Vaults:1)
  3 earth elementals
  A water moccasin zombie (D:11)
  14 scorpions
  An elf simulacrum (Vaults:2)
  18 killer bees
  An orc simulacrum (Vaults:2)
  11 wights
  An electric eel (Elf:1)
  12 crimson imps
  2 bullfrog zombies
  A human simulacrum (Vaults:2)
  The ghost of kalodont the Sneak, a weakling KoEn (Ossuary)
  4 jellies
  A quasit (D:5)
  2 centaur zombies
  12 orc priests
  7 hounds
  4 human zombies
  18 orc wizards
  4 bullfrog skeletons
  2 centaur skeletons
  10 iguanas
  12 worker ants
  A big kobold zombie (Ossuary)
  4 mummies
  4 worker ant zombies
  Robin (D:2)
  9 adders
  21 gnolls
  2 scorpion zombies (Ossuary)
  4 shadow imps
  An adder zombie (D:5)
  An adder skeleton (D:5)
  4 worms
  2 dart slugs (D:1)
  4 leopard geckos
  111 orcs
  4 ball pythons
  4 giant cockroaches
  18 goblins
  8 hobgoblins
  2 jackals (D:9)
  22 kobolds
  7 quokkas
  13 bats
  A frilled lizard (D:1)
  3 goblin zombies (Ossuary)
  3 hobgoblin zombies (Ossuary)
  A jackal zombie (D:7)
  2 kobold zombies (Ossuary)
  2 leopard gecko skeletons (D:5)
  A leopard gecko zombie (D:7)
  3 orc zombies (Ossuary)
  7 rats
  A spectral orc (D:2)
  2 briar patches (Swamp:4)
  2 crawling corpses (Elf:3)
  A fungus (Lair:2)
1855 creatures vanquished.

Vanquished Creatures (others)
  Vashnia (Snake:4)
  A deep elf master archer (Elf:3)
  A sphinx (Vaults:2)
  A tengu reaver (Vaults:5)
  An ironheart preserver (Vaults:2)
  A stone giant (Vaults:2)
  4 yaktaur captains
  A centaur warrior (Vaults:2)
  A naga sharpshooter (Snake:3)
  An ogre mage (Vaults:3)
  A deep elf archer (Elf:2)
  A wizard (Vaults:1)
  2 deep elf magi
  2 cyclopes
  10 yaktaurs
  A hog (Snake:2)
  A naga (Snake:4)
  A mummy (Ossuary)
  A gnoll zombie (Ossuary)
  6 fungi
  6 plants
45 creatures vanquished.

Grand Total: 1900 creatures vanquished

Notes
Turn   | Place    | Note
-------+----------+-------------------------------------------
     0 | D:1      | Peloso the Minotaur Fighter began the quest for the Orb.
     0 | D:1      | Reached XP level 1. HP: 19/19 MP: 0/0
   200 | D:1      | Reached XP level 2. HP: 26/27 MP: 1/1
   953 | D:2      | Noticed Robin
   957 | D:2      | Reached XP level 3. HP: 32/33 MP: 2/2
  1085 | D:1      | Reached skill level 4 in Shields
  1108 | D:2      | Killed Robin
  1212 | D:2      | Reached XP level 4. HP: 28/40 MP: 3/3
  1344 | D:2      | Found a basalt altar of Yredelemnul.
  1656 | D:3      | Reached XP level 5. HP: 32/46 MP: 4/4
  2287 | D:4      | Reached skill level 5 in Shields
  2312 | D:4      | Reached skill level 5 in Armour
  2354 | D:4      | Reached XP level 6. HP: 47/53 MP: 5/5
  2355 | D:4      | Reached skill level 5 in Long Blades
  2464 | D:4      | Found a staircase to the Ecumenical Temple.
  2479 | Temple   | Entered the Ecumenical Temple
  2537 | Temple   | Became a worshipper of Warmaster Okawaru
  2571 | D:4      | Found Deisif's Antique Weapon Emporium.
  2574 | D:4      | Found a burning altar of Makhleb.
  2670 | D:4      | Reached skill level 1 in Dodging
  3278 | D:4      | Reached XP level 7. HP: 40/60 MP: 6/6
  3357 | D:4      | Reached * piety under Okawaru
  3661 | D:5      | Entered Level 5 of the Dungeon
  3706 | D:5      | Reached skill level 6 in Shields
  3861 | D:5      | Reached skill level 5 in Fighting
  3870 | D:5      | Reached XP level 8. HP: 40/68 MP: 7/7
  3890 | D:5      | Reached ** piety under Okawaru
  4066 | D:5      | Found an opulent altar of Gozag.
  4190 | D:5      | Found a sand-covered staircase.
  4199 | Ossuary  | Entered an ossuary
  4293 | Ossuary  | Noticed kalodont's ghost (weakling KoEn)
  4298 | Ossuary  | Killed kalodont's ghost
  4298 | Ossuary  | Reached skill level 7 in Shields
  4990 | Ossuary  | Gained mutation: You are somewhat resistant to further mutation. [potion of beneficial mutation]
  5513 | D:5      | Found a shattered altar of Ashenzari.
  5688 | D:6      | Reached XP level 9. HP: 67/75 MP: 8/8
  5817 | D:6      | Reached *** piety under Okawaru
  6158 | D:6      | Paralysed by a hornet for 1 turns
  6165 | D:6      | Reached skill level 8 in Shields
  6394 | D:6      | Reached skill level 10 in Long Blades
  7097 | D:7      | Found a stormy altar of Qazlal.
  7598 | D:7      | Received a gift from Okawaru
  8072 | D:7      | Reached skill level 9 in Shields
  8177 | D:7      | Reached XP level 10. HP: 83/86 MP: 9/9
  8256 | D:7      | Found a blossoming altar of Fedhas.
  8259 | D:7      | Found an ancient bone altar of Kikubaaqudgha.
  8354 | D:8      | Noticed Gastronok
  8371 | D:8      | Killed Gastronok
  8371 | D:8      | Reached **** piety under Okawaru
  8371 | D:8      | Reached ***** piety under Okawaru
  8656 | D:8      | Reached skill level 1 in Invocations
  8821 | D:8      | Reached skill level 10 in Shields
  9594 | D:9      | Found a staircase to the Orcish Mines.
  9607 | D:9      | Found a roughly hewn altar of Beogh.
  9823 | D:9      | Reached skill level 1 in Stealth
  9923 | D:9      | Received a gift from Okawaru
  9930 | D:9      | Got a pair of faintly humming gloves {god gift}
  9936 | D:9      | Identified the +0 pair of gloves of the Okapi {rF+} (Okawaru gifted it to you on level 9 of the Dungeon)
 10434 | D:9      | Found a hide-covered altar of Uskayaw.
 10534 | D:10     | Entered Level 10 of the Dungeon
 10665 | D:10     | Noticed a hill giant
 10677 | D:10     | Killed a hill giant
 10677 | D:10     | Reached skill level 10 in Armour
 10803 | D:10     | Reached XP level 11. HP: 95/95 MP: 10/10
 11239 | D:11     | Noticed Psyche
 11246 | D:11     | Killed Psyche
 11406 | D:11     | Noticed a white ugly thing
 11417 | D:11     | Noticed Snorg
 11425 | D:11     | Killed Snorg
 11425 | D:11     | Reached skill level 11 in Shields
 11680 | D:11     | Noticed a hill giant
 11686 | D:11     | Killed a hill giant
 11900 | D:11     | Found a staircase to the Lair.
 11991 | D:11     | Killed a white ugly thing
 12095 | D:11     | Killed an unseen horror
 12095 | D:11     | Received a gift from Okawaru
 12685 | D:12     | Noticed a hill giant
 12695 | D:12     | Killed a hill giant
 13043 | D:12     | Noticed a seven-headed hydra
 13142 | Lair:1   | Entered Level 1 of the Lair of Beasts
 13599 | Lair:1   | Reached skill level 12 in Shields
 13864 | Lair:1   | Got a sparkling marble ring
 13869 | Lair:1   | Identified the ring of Gukh {MR+ SInv} (You found it on level 1 of the Lair of Beasts)
 13910 | Lair:1   | Reached XP level 12. HP: 101/106 MP: 11/11
 14133 | Lair:2   | Reached skill level 10 in Fighting
 14156 | Lair:2   | Received a gift from Okawaru
 14161 | Lair:2   | Got an ebony demon blade {god gift}
 14162 | Lair:2   | Identified the +8 demon blade "Sufura Umeyd" {flame, Str+3} (Okawaru gifted it to you on level 2 of the Lair of Beasts)
 14366 | Lair:2   | Reached ****** piety under Okawaru
 14375 | Lair:2   | Reached skill level 1 in Evocations
 14705 | Lair:2   | Found a staircase to the Swamp.
 15657 | D:13     | Received a gift from Okawaru
 15753 | D:13     | Reached skill level 13 in Shields
 15818 | D:13     | Noticed BugsBunnySan's ghost (novice FeBe)
 15824 | D:13     | Noticed an eight-headed hydra
 15838 | D:13     | Killed BugsBunnySan's ghost
 15841 | D:13     | Killed a five-headed hydra
 16138 | D:13     | Reached XP level 13. HP: 95/116 MP: 12/12
 16229 | D:13     | Received a gift from Okawaru
 16811 | Lair:3   | Found a staircase to the Snake Pit.
 16864 | Lair:3   | Reached skill level 15 in Long Blades
 16976 | Lair:3   | Reached skill level 14 in Shields
 17374 | Lair:4   | Noticed Rupert
 17384 | Lair:4   | Killed Rupert
 17458 | Lair:4   | Got a smoking granite ring
 17462 | Lair:4   | Identified the ring "Vewayn" {*Slow +Fly rElec Str+7} (You found it on level 4 of the Lair of Beasts)
 18744 | Lair:5   | Found a staircase to the Slime Pits.
 18744 | Lair:5   | Found a viscous altar of Jiyva.
 19151 | Lair:5   | Received a gift from Okawaru
 19197 | Lair:6   | Entered Level 6 of the Lair of Beasts
 19273 | Lair:5   | Reached XP level 14. HP: 90/127 MP: 14/14
 19278 | Lair:6   | Reached skill level 15 in Shields
 20211 | Lair:6   | Received a gift from Okawaru
 21323 | Lair:6   | Reached skill level 16 in Shields
 22780 | D:14     | Found a deep blue altar of Sif Muna.
 22991 | D:14     | Found a gate to the Vaults.
 23056 | D:14     | Noticed an ironheart preserver
 23064 | D:14     | Killed an ironheart preserver
 23064 | D:14     | Received a gift from Okawaru
 23105 | D:14     | Found Qepteli's Magic Scroll Shop.
 23116 | D:14     | Bought a scroll of identify for 24 gold pieces
 23116 | D:14     | Bought a scroll of enchant armour for 90 gold pieces
 23116 | D:14     | Bought a scroll of enchant armour for 90 gold pieces
 23127 | D:14     | Reached skill level 15 in Armour
 23226 | D:14     | Reached XP level 15. HP: 138/138 MP: 15/15
 23459 | D:15     | Entered Level 15 of the Dungeon
 23602 | D:15     | Found Naluhy's Antique Weapon Boutique.
 23744 | D:15     | Received a gift from Okawaru
 23914 | D:15     | Reached skill level 17 in Shields
 24029 | D:15     | Found a staircase to the Depths.
 24425 | Orc:1    | Entered Level 1 of the Orcish Mines
 24432 | Orc:1    | Found a roughly hewn altar of Beogh.
 24634 | Orc:2    | Entered Level 2 of the Orcish Mines
 24816 | Orc:2    | Received a gift from Okawaru
 24828 | Orc:2    | HP: 1/139 [orc warrior/trident (22)]
 25016 | Orc:2    | Found a roughly hewn altar of Beogh.
 25029 | Orc:2    | Found Okiagah's Assorted Antiques.
 25029 | Orc:2    | Found Ifaihy's Antique Weapon Shop.
 25053 | Orc:2    | Bought a blackened falchion for 224 gold pieces
 25053 | Orc:2    | Identified the +3 falchion "Dragonslayer" {slice, *Corrode rElec rF+} (You bought it in a shop on level 2 of the Orcish Mines)
 25064 | Orc:2    | Bought an orange potion for 27 gold pieces
 25364 | Orc:2    | Found a staircase to the Elven Halls.
 25532 | Orc:2    | Found Ceabure's Book Shop.
 25571 | Orc:2    | Found Hasikuk's Magic Scroll Emporium.
 25590 | Orc:2    | Reached skill level 15 in Fighting
 25606 | Orc:2    | Bought a scroll of identify for 26 gold pieces
 25606 | Orc:2    | Bought a scroll of identify for 26 gold pieces
 25606 | Orc:2    | Bought a scroll of enchant weapon for 97 gold pieces
 25606 | Orc:2    | Bought a scroll of enchant armour for 97 gold pieces
 25606 | Orc:2    | Bought a scroll of identify for 26 gold pieces
 25869 | Orc:1    | You fall through a shaft!
 26286 | Snake:1  | Entered Level 1 of the Snake Pit
 26377 | Snake:1  | Noticed Josephine
 26390 | Snake:1  | Killed Josephine
 26411 | Snake:1  | Reached skill level 18 in Shields
 26439 | Snake:1  | Noticed Agnes
 26456 | Snake:1  | Killed Agnes
 26456 | Snake:1  | Reached XP level 16. HP: 78/149 MP: 16/16
 26747 | Snake:1  | Found Bewol's Gadget Emporium.
 26748 | Snake:1  | Found Zochaj's Jewellery Shop.
 26748 | Snake:1  | Found Ajakucle's Jewellery Shop.
 26764 | Snake:1  | Bought the amulet "Tirhoen" {Reflect rC+ SH+6} for 741 gold pieces
 26924 | Snake:2  | Noticed Azrael
 26939 | Snake:2  | Killed Azrael
 26941 | Snake:2  | Noticed Kirke
 27092 | Snake:2  | Killed Kirke
 27197 | Snake:2  | Received a gift from Okawaru
 27200 | Snake:2  | Got a smoking chain mail {god gift}
 27212 | Snake:2  | Identified the +4 chain mail "Ulaips" {rF++ rN+ rCorr Dex-2} (Okawaru gifted it to you on level 2 of the Snake Pit)
 28266 | Snake:3  | Reached skill level 5 in Dodging
 28510 | Snake:3  | Reached skill level 19 in Shields
 28668 | Snake:3  | Noticed humperndinck's ghost (adept TeAE)
 28674 | Snake:3  | Killed humperndinck's ghost
 29108 | Snake:3  | Received a gift from Okawaru
 29768 | Snake:4  | Entered Level 4 of the Snake Pit
 29772 | Snake:4  | Reached XP level 17. HP: 159/159 MP: 17/17
 29782 | Snake:4  | Noticed Louise
 29794 | Snake:4  | Killed Louise
 29910 | Snake:4  | Noticed Asterion
 29934 | Snake:4  | Killed Asterion
 30132 | Snake:4  | Found Ypyd Sirch's Antique Armour Shoppe.
 30135 | Snake:4  | Found Jiweis's Antique Weapon Emporium.
 30135 | Snake:4  | Found Figim's Jewellery Shoppe.
 30164 | Snake:4  | Noticed Vashnia
 30166 | Snake:4  | Reached skill level 20 in Shields
 30181 | Snake:4  | Killed Vashnia
 30537 | Snake:4  | Found Perchec's Jewellery Emporium.
 30691 | Snake:4  | Noticed Bai Suzhen
 31158 | Snake:4  | Killed Bai Suzhen
 31158 | Snake:4  | Received a gift from Okawaru
 31616 | Snake:4  | Reached skill level 21 in Shields
 31664 | Snake:4  | HP: 10/241 [nagaraja/orb of energy (23)]
 32304 | Snake:4  | Reached XP level 18. HP: 145/170 MP: 18/18
 32432 | Snake:4  | Received a gift from Okawaru
 32636 | Snake:4  | Noticed Aizul
 32653 | Snake:4  | Killed Aizul
 32750 | Snake:4  | Got a serpentine rune of Zot
 33285 | Elf:1    | Entered Level 1 of the Elven Halls
 33438 | Elf:1    | Found a radiant altar of Vehumet.
 33687 | Elf:1    | Found Refregin's Weapon Emporium.
 34013 | Elf:1    | Reached skill level 22 in Shields
 34275 | Elf:2    | Found Uqon's Weapon Emporium.
 34299 | Elf:2    | Received a gift from Okawaru
 34324 | Elf:2    | Found a huge runed gate.
 34324 | Elf:2    | Found a huge runed gate.
 34325 | Elf:2    | Found a huge runed gate.
 34525 | Elf:2    | Noticed Saint Roka
 34572 | Elf:2    | Killed Saint Roka
 35625 | Elf:2    | Reached XP level 19. HP: 179/179 MP: 19/19
 35733 | Elf:3    | Entered Level 3 of the Elven Halls
 35765 | Elf:3    | Found Ozuff's Assorted Antiques.
 35773 | Elf:3    | Bought a scroll of identify for 62 gold pieces
 35832 | Elf:3    | Noticed Donald
 35837 | Elf:3    | Killed Donald
 35837 | Elf:3    | Received a gift from Okawaru
 36650 | Elf:3    | Reached skill level 23 in Shields
 37063 | Elf:3    | Noticed a Brimstone Fiend
 37149 | Elf:3    | Got a scintillating amethyst amulet
 37245 | Elf:3    | Received a gift from Okawaru
 37248 | Elf:3    | Got a twisted chain mail {god gift}
 37540 | Elf:3    | Identified the +5 chain mail of Immorality {Int+3} (Okawaru gifted it to you on level 3 of the Elven Halls)
 37586 | Elf:3    | Got a polished chain mail
 37633 | Elf:3    | Identified the +7 chain mail "Soihi" {Dex+7} (You took it off a deep elf high priest on level 3 of the Elven Halls)
 37665 | Elf:3    | Identified the Tome of Helpful Execration
 37676 | Elf:3    | Identified the Guide on Flames
 38165 | Lair:1   | Identified the amulet of Ykih Woene {Reflect *Corrode MR+ Int+4 Dex+2 SH+4} (You took it off a deep elf demonologist on level 3 of the Elven Halls)
 38199 | Swamp:1  | Entered Level 1 of the Swamp
 39062 | Swamp:2  | Noticed Just00me's ghost (journeyman MiBe)
 39073 | Swamp:2  | Killed Just00me's ghost
 39662 | Swamp:3  | Noticed Nikola
 39668 | Swamp:3  | Killed Nikola
 39735 | Swamp:3  | Reached XP level 20. HP: 191/191 MP: 20/20
 39847 | Swamp:3  | Received a gift from Okawaru
 39856 | Swamp:3  | Got a slimy scimitar {god gift}
 39857 | Swamp:3  | Identified the +8 scimitar of Classification {flame, rElec} (Okawaru gifted it to you on level 3 of the Swamp)
 39869 | Swamp:3  | Noticed Roxanne
 39892 | Swamp:3  | Killed Roxanne
 39893 | Swamp:3  | Identified Roxanne's Disquisition on Shape Shifting (You took it off Roxanne on level 3 of the Swamp)
 40132 | Swamp:4  | Entered Level 4 of the Swamp
 40447 | Swamp:4  | Reached skill level 24 in Shields
 40624 | Swamp:4  | Got a decaying rune of Zot
 41367 | Vaults:1 | Entered Level 1 of the Vaults
 41413 | Vaults:1 | Found a magical portal.
 41422 | WizLab   | Entered Wucad Mu's Monastery
 42145 | WizLab   | Reached skill level 1 in Throwing
 42145 | WizLab   | Reached skill level 1 in Unarmed Combat
 42145 | WizLab   | Reached XP level 21. HP: 199/199 MP: 21/21
 42298 | Vaults:1 | Paralysed by an ogre mage for 7 turns
 42312 | Vaults:1 | Received a gift from Okawaru
 42333 | Vaults:1 | Got a brightly glowing demon blade {god gift}
 42478 | Vaults:1 | Identified the +1 demon blade "Marat" {freeze, *Contam rElec Dex-3 Stlth+} (Okawaru gifted it to you on level 1 of the Vaults)
 42496 | Vaults:1 | Gained mutation: You have a pair of large horns on your head. [mutagenic glow]
 43886 | Vaults:2 | Found Zuirphem's General Store.
 44149 | Vaults:2 | Reached skill level 25 in Shields
 44162 | Vaults:2 | Received a gift from Okawaru
 44640 | Vaults:2 | Got a jewelled scimitar {god gift}
 44641 | Vaults:2 | Identified the +3 scimitar "Orb Guardian's Peril" {venom, Fragile rN+ Int+3 Dex+3} (Okawaru gifted it to you on level 2 of the Vaults)
 44921 | Vaults:2 | Reached XP level 22. HP: 211/211 MP: 22/22
 45203 | Vaults:2 | Found a staircase to the Crypt.
 45203 | Vaults:2 | Found an ancient bone altar of Kikubaaqudgha.
 45205 | Vaults:2 | Found a basalt altar of Yredelemnul.
 46211 | Vaults:3 | Received a gift from Okawaru
 46425 | Vaults:3 | Found Caekir's Jewellery Emporium.
 46898 | Vaults:3 | Found Roczoiso's Magic Scroll Boutique.
 46906 | Vaults:3 | Bought a scroll of teleportation for 39 gold pieces
 46912 | Vaults:3 | Reached skill level 26 in Shields
 47065 | Vaults:3 | Found Qoax's General Store.
 47073 | Vaults:3 | Bought a scroll of enchant armour for 135 gold pieces
 47372 | Vaults:3 | Identified a scroll of acquirement
 47388 | Vaults:3 | Got a dazzling scimitar
 47389 | Vaults:3 | Identified the +5 scimitar "Keifeceki" {freeze, rPois rF+ Int-4} (You acquired it on level 3 of the Vaults)
 47795 | Vaults:4 | Received a gift from Okawaru
 47838 | Vaults:4 | Got a faintly humming chain mail {god gift}
 47852 | Vaults:4 | Identified the +5 chain mail of the Falcon {*Contam rC- Str+2 Int+9} (Okawaru gifted it to you on level 4 of the Vaults)
 47864 | Vaults:4 | Gained mutation: You are weak. (Str -2) [mutagenic glow]
 48040 | Vaults:4 | Noticed Xtahua
 48050 | Vaults:4 | Killed Xtahua
 48235 | Vaults:4 | Reached XP level 23. HP: 219/224 MP: 23/23
 48445 | Vaults:5 | Entered Level 5 of the Vaults
 49217 | Vaults:4 | Reached skill level 27 in Shields
 49265 | Vaults:5 | Received a gift from Okawaru
 49266 | Vaults:5 | Got a dazzling ring mail {god gift}
 49698 | Vaults:5 | Noticed an ancient lich
 50287 | Vaults:5 | HP: 7/227 [stone giant/large rock (11)]
 50288 | Vaults:5 | Killed from afar by an ancient lich

Skill      XL: |  1  2  3  4  5  6  7  8  9 10 11 12 13 14 15 16 17 18 19 20 21 22 23 |
---------------+----------------------------------------------------------------------+-----
Armour         | 4 5 6 7 8 10 11 12 13 15 16 17 18 | 18.7
Fighting       | 4 5 6 7 8 9 11 12 14 15 16 17 18 19 20 22 23 | 23.3
Long Blades    | 3 4 5 7 9 10 12 13 14 15 16 17 18 19 20 21 22 | 22.4
Shields        | 4 5 6 7 9 10 12 13 14 16 18 19 21 22 23 24 25 26 27 | 27.0
Dodging        | 1 2 3 4 5 6 7 8 |  8.8
Invocations    | 1 2 |  2.5
Stealth        | 1 2 3 |  3.4
Evocations     | 1 2 |  2.5
Throwing       | 1 |  1.1
Unarmed Combat | 1 |  1.2
Spellcasting   | |  0.6

Action                   |  1- 3 |  4- 6 |  7- 9 | 10-12 | 13-15 | 16-18 | 19-21 | 22-24 || total
-------------------------+-------+-------+-------+-------+-------+-------+-------+-------++-------
Melee: Long sword        |    76 |   174 |   449 |   493 |       |       |       |       ||  1192
       Headbutt          |    11 |    28 |   106 |   154 |   331 |   361 |   457 |   310 ||  1758
       Demon blade       |       |       |       |   234 |  1063 |  1177 |  1201 |   820 ||  4495
Invok: Heroism           |       |       |     5 |     3 |     1 |     3 |     2 |       ||    14
 Abil: Evoke Flight      |       |       |       |       |     2 |       |       |       ||     2
Evoke: Wand              |       |       |       |     6 |     6 |       |       |       ||    12
  Use: Scroll            |       |       |    12 |    11 |    16 |     4 |     5 |    14 ||    62
       Potion            |       |       |     5 |     1 |     1 |     6 |     7 |       ||    20
  Eat: Chunk             |     1 |     7 |    13 |    37 |    24 |    22 |    22 |    18 ||   144
       Pizza             |       |       |     1 |       |     1 |       |       |       ||     2
       Beef jerky        |       |       |     1 |       |       |       |       |       ||     1
       Fruit             |       |       |       |       |       |     9 |     8 |     1 ||    18
Armor: Scale mail        |    10 |       |       |       |       |       |       |       ||    10
       Chain mail        |    47 |    75 |   168 |    21 |       |   226 |   314 |    73 ||   924
       Plate armour      |       |       |       |   266 |   398 |    30 |       |    92 ||   786
       Gold dragon scale |       |       |       |       |       |       |       |    26 ||    26
Dodge: Dodged            |    22 |    57 |   108 |   168 |   273 |   257 |   330 |   193 ||  1408
Block: Shield            |    53 |    85 |   245 |   433 |   748 |  1129 |  1232 |   841 ||  4766
       Reflection        |       |       |       |       |       |   184 |    83 |   105 ||   372
       Rpst.: Long sword |     7 |    14 |    36 |    23 |       |       |       |       ||    80
       Demon blade       |       |       |       |    15 |    57 |    48 |    61 |    39 ||   220
